AoeStats
← Erickinio

Arabia

507388929Analyzed
1v1 RM · 13d ago on Sep 18, 2026· 37m 29s· 2 players
Game mode
Random Map
Map size
Tiny (2 player)
Population
200
Speed
Normal
Resources
Standard
Victory
Conquest
Starting age
Dark Age
Ending age
Imperial Age
RankedLock teamsTeams togetherTeam positionsShared explorationLock speedFull tech treeHidden civsTurbo modeCheats
Victory
Defeat
🇦🇷 Mapuche · Argentina
923
+14
🇦🇷 Celts · Argentina
880
-14
Erickinio
8:43 Loom
11:01 Feudal Age
9:19 Loom
11:44 Double-Bit Axe
13:33 Arson
14:51 Forging
15:13 Scale Mail Armor
20:56 Man-at-Arms
30:18 Wheelbarrow
37:46 Castle Age
franeze92
8:54 Loom
12:22 Feudal Age
16:53 Castle Age
19:17 Fletching
28:24 Wheelbarrow
28:12 Ballistics
30:23 Bodkin Arrow
30:55 Gold Mining
30:51 Double-Bit Axe
30:47 Horse Collar
31:01 Stone Mining
32:29 Padded Archer Armor
Connection lost

Rejoining the realm…

Still unreachable

The connection could not be restored.

Session expired

The server has moved on; the page needs a fresh start.